 Dungeon Crawl Stone Soup version 0.30-a0-292-g0f741e3f8e (webtiles) character file.

Game seed: 4522398437797219244

963 sleeves the Destroyer (level 7, 30/30 HPs)
             Began as a Felid Reaver on Oct 18, 2022.
             Was an Initiate of Sif Muna.
             Quit the game on level 7 of the Dungeon.
             The game lasted 00:21:49 (10842 turns).

sleeves the Destroyer (Felid Reaver)               Turns: 10842, Time: 00:21:50

Health: 30/30      AC:  2    Str:  8    XL:     7   Next: 92%
Magic:  16/16      EV: 21    Int: 19    God:    Sif Muna [......]
Gold:   366        SH:  0    Dex: 14    Spells: 12/16 levels left
                                        Lives:  0   Deaths: 2

rFire   . . .      SeeInvis +      - Unarmed
rCold   . . .      Faith    .    (shield unavailable)
rNeg    . . .      Spirit   .    (body armour unavailable)
rPois   .          Reflect  .    (helmet unavailable)
rElec   .          Harm     .    (cloak unavailable)
rCorr   .          Rampage  .    (gloves unavailable)
Will    +....                    (boots unavailable)
Stlth   +.........               (no amulet)
HPRegen 0.25/turn                w - +4 ring of evasion
MPRegen 0.15/turn                u - +4 ring of slaying

@: quick
A: very small, claws 1, fangs 3, see invisible, speed 1, shaggy fur 2, stealthy
paws, no weapons or thrown items, no armour, multi-lived
a: Renounce Religion


You were on level 7 of the Dungeon.
You worshipped Sif Muna.
Sif Muna was noncommittal.
You visited 1 branch of the dungeon, and saw 8 of its levels.

You collected 366 gold pieces.

Inventory:

Jewellery
 b - a ring of flight
   (You found it on level 2 of the Dungeon)
 s - a +6 ring of intelligence
   (You found it on level 4 of the Dungeon)
 u - a +4 ring of slaying (right paw)
   (You found it on level 4 of the Dungeon)
 w - a +4 ring of evasion (left paw)
   (You found it on level 4 of the Dungeon)
Wands
 q - a wand of acid (1)
   (You found it on level 3 of the Dungeon)
Scrolls
 a - 2 scrolls of brand weapon {unknown}
 c - 2 scrolls of enchant weapon {unknown}
 f - 4 scrolls of noise {unknown}
 h - a scroll of magic mapping {unknown}
 k - 3 scrolls of fear {unknown}
 l - a scroll of poison {unknown}
 m - 2 scrolls of immolation {unknown}
 t - a scroll of blinking {unknown}
 v - a scroll of acquirement {unknown}
 x - a scroll of silence {unknown}
 y - a scroll of amnesia {unknown}
 z - 4 scrolls of identify {unknown}
 A - 2 scrolls of teleportation {unknown}
 D - 3 scrolls of vulnerability {unknown}
Potions
 d - 2 potions of heal wounds
 e - a potion of haste {unknown}
 g - 2 potions of might {unknown}
 i - 3 potions of lignification {unknown}
 j - a potion of attraction {unknown}
 n - 2 potions of resistance {unknown}
 o - 3 potions of ambrosia {unknown}
 p - 4 potions of degeneration {unknown}
 r - 5 potions of curing {unknown}
 B - a potion of cancellation {unknown}
 C - a potion of mutation {unknown}


   Skills:
 - Level 2.0 Fighting
 - Level 2.6 Dodging
 - Level 3.0 Unarmed Combat
 + Level 5.4 Spellcasting
 - Level 11.2 Conjurations
 + Level 5.6 Summonings


You had 12 spell levels left.
You knew the following spells:

 Your Spells              Type           Power      Damage    Failure   Level
a - Kiss of Death         Conj/Necr      100%       2d13      1%          1
b - Hailstorm             Conj/Ice       26%        3d7       3%          3

Your spell library contained the following spells:

 Spells                   Type           Power      Damage    Failure   Level
 Summon Small Mammal      Summ           100%       N/A       1%          1
 Momentum Strike          Conj/Tloc      52%        3d9       1%          2
 Apportation              Tloc           10%        N/A       12%         1
 Necrotise                Necr           20%        1d5       12%         1
 Sublimation of Blood     Necr           5%         N/A       19%         2
 Wereblood                Tmut           5%         N/A       19%         2
 Summon Hydra             Summ           13%        N/A       100%        7


Dungeon Overview and Level Annotations

Branches:
Dungeon (8/15)             Temple (0/1) D:7
   Lair: D:8-11

Altars:
Ashenzari
Gozag
Hepliaklqana
Kikubaaqudgha
Qazlal
Sif Muna
Trog
Xom
Yredelemnul

Annotations:
D:7 Joseph


Innate Abilities, Weirdness & Mutations

You have sharp claws.
You have razor-sharp teeth.
You have supernaturally acute eyesight. (SInv)
You cover ground quickly. (Speed+)
You are covered in thick fur. (AC +2)
Your paws help you pounce on unaware monsters.
You are incapable of wielding weapons or throwing items.
You cannot wear armour.
You gain extra lives every three experience levels.


Message History

The orc is severely wounded.
The orc closely misses you.
You scratch the orc.
You kill the orc!
Sif Muna accepts your kill.
You scratch the orc wizard.
The orc wizard is moderately wounded.
The orc wizard hits you with a +0 dagger.
You scratch the orc wizard.
The orc wizard is severely wounded.
The orc wizard hits you with a +0 dagger.
You scratch the orc wizard.
The orc wizard is severely wounded.
The orc wizard casts a spell at you. You resist with almost no effort.
You scratch the orc wizard.
You kill the orc wizard!
Sif Muna accepts your kill.
You barely miss the orc. You bite the orc, but do no damage.
The orc hits you with a +0 club.
You scratch the orc.
The orc is heavily wounded.
The orc hits you with a +0 club.
You barely miss the orc.
The orc is heavily wounded.
The orc hits you with a +0 club.
You scratch the orc. You bite the orc, but do no damage.
The orc is severely wounded.
The orc hits you with a +0 club.
You closely miss the orc.
The orc is severely wounded.
The orc closely misses you.
You scratch the orc.
You kill the orc!
Sif Muna accepts your kill.
You scratch the orc but do no damage. The orc misses you.
You scratch the orc.
The orc is lightly wounded.
You scratch the orc. You bite the orc, but do no damage.
The orc is heavily wounded.
The orc hits you with a +0 hand axe.
You are too injured to fight recklessly!
You are too injured to fight recklessly!
You are too injured to fight recklessly!
You are too injured to fight recklessly!
You are too injured to fight recklessly!
You are too injured to fight recklessly!
You are too injured to fight recklessly!
You are too injured to fight recklessly!
You are too injured to fight recklessly!
You claw the orc!
You kill the orc!
Sif Muna accepts your kill.
Items here: ( ))))) [[[[ ††.
HP restored.
An orc comes into view. It is wielding a +0 mace.
The orc shouts!
An orc is nearby!
An orc is nearby!
A steam dragon comes into view.
The steam dragon hisses angrily.
The steam dragon breathes steam at you.
The ball of steam hits the orc!
The orc dies!
The ball of steam misses you.
Unknown command.
The steam dragon breathes steam at you. The ball of steam hits you!!
Ouch! That really hurt!
* * * LOW HITPOINT WARNING * * *
Casting: Hailstorm (dangerous; 4% risk of failure)
Confirm with . or Enter, or press ? or * to list all spells.
You can't see any susceptible monsters within range! (Use Z to cast anyway.) Really walk into that cloud of steam? [Y]es or [N]o only, please.
Really walk into that cloud of steam?
Okay, then.
A steam dragon is nearby!
A steam dragon is nearby!
A steam dragon is nearby!
Really walk into that cloud of steam?
You are engulfed in a cloud of scalding steam.
* * * LOW HITPOINT WARNING * * *
There is a stone staircase leading up here.
You climb upwards.
There is a stone staircase leading down here.
You start resting.
HP restored.
You climb downwards.
There is a stone staircase leading up here.
Casting: Hailstorm (dangerous; 4% risk of failure)
Confirm with . or Enter, or press ? or * to list all spells.
Casting: Hailstorm (dangerous; 4% risk of failure)
Press: ? - help, Dir - look around, f - activate A cannonade of hail descends around you!
The hail misses the steam dragon.
Casting: Hailstorm (dangerous; 4% risk of failure)
Confirm with . or Enter, or press ? or * to list all spells.
Casting: Hailstorm (dangerous; 4% risk of failure)
Press: ? - help, Dir - look around, f - activate A cannonade of hail descends around you!
The hail pelts the steam dragon!
The steam dragon is moderately wounded.
The steam dragon breathes steam at you. The ball of steam hits you!
You are engulfed in a cloud of scalding steam.
* * * LOW HITPOINT WARNING * * *
You climb upwards.
There is a stone staircase leading down here.
Magic restored.
HP restored.
Done exploring.
Done exploring.
There is a stone staircase leading down here.
You climb downwards.
There is a stone staircase leading up here.
You see here a +0 giant club.
Joseph, a Mercenary comes into view.
He is wielding a +0 quarterstaff and carrying a wand of charming (13).
Joseph says, "It's nothing personal, but I have to kill you."
Joseph unwields a +0 quarterstaff.
Joseph wields a +2 sling of flaming.
It bursts into flame!
Joseph shoots a sling bullet.
The sling bullet misses you.
Joseph is nearby!
Joseph is nearby!
Joseph is nearby!
Joseph shoots a sling bullet.
The sling bullet hits you! The sling bullet burns you.
* * * LOW HITPOINT WARNING * * *
Joseph shoots a sling bullet.
The sling bullet completely misses you.
There is a stone staircase leading up here.
You climb upwards.
There is a stone staircase leading down here.
There is a stone staircase leading down here.
HP restored.
Done exploring.
There is a stone staircase leading down here.
You climb downwards.
Level annotation: Joseph
There is a stone staircase leading up here.
You see here a +0 giant club.
Joseph shouts!
Joseph is nearby!
You see here a +0 giant club.
There is a stone staircase leading up here.
There is a stone staircase leading up here.
Aiming: Corrosive Bolt
Press: ? - help, Shift-Dir - straight line, f - Joseph
Aim: Joseph, wielding a +2 sling of flaming, wearing a +0 leather armour and carrying a wand of charming (13) (71% to hit)
The bolt of acid hits Joseph!
Joseph is moderately wounded.
Joseph smiles happily.
Joseph shoots a sling bullet.
The sling bullet barely misses you.
Aiming: Corrosive Bolt
Press: ? - help, Shift-Dir - straight line, f/p - Joseph
Aim: Joseph, wielding a +2 sling of flaming, wearing a +0 leather armour and carrying a wand of charming (13) (moderately wounded, 71% to hit)
The bolt of acid hits Joseph!
Joseph is moderately wounded.
Joseph shoots a sling bullet.
The sling bullet hits you! The sling bullet burns you.
Unknown command.
Casting: Hailstorm (dangerous; 4% risk of failure)
Confirm with . or Enter, or press ? or * to list all spells.
You don't know that spell.
Joseph shoots a sling bullet.
The sling bullet closely misses you.
You climb upwards.
There is a stone staircase leading down here.
HP restored.
Done exploring.
Done exploring.
You climb downwards.
Level annotation: Joseph
There is a stone staircase leading up, spattered with blood here.
Casting: Hailstorm (dangerous; 4% risk of failure)
Confirm with . or Enter, or press ? or * to list all spells.
You don't know that spell.
Joseph shoots a sling bullet.
The sling bullet barely misses you.
You see here a +0 giant club.
Joseph shoots a sling bullet.
The sling bullet hits you! The sling bullet burns you.
* * * LOW HITPOINT WARNING * * *
Joseph smiles happily.
Joseph zaps a wand.
You resist with almost no effort.
You see here a +0 giant club.
There is a stone staircase leading up, spattered with blood here.
Joseph zaps a wand.
Your will is overpowered!
You are confused.
In your confused state, you trip and fall back down the stairs.
* * * LOW HITPOINT WARNING * * *
Joseph shoots a sling bullet.
The sling bullet completely misses you.
Unknown command.
Joseph shoots a sling bullet.
The sling bullet closely misses you.
You climb upwards.
There is a stone staircase leading down here.
You feel less confused.
You climb downwards.
Level annotation: Joseph Joseph zaps a wand.
You resist with almost no effort.
There is a stone staircase leading up, spattered with blood here.
Joseph shoots a sling bullet.
The sling bullet hits you! The sling bullet burns you.
Joseph shoots a sling bullet.
The sling bullet hits you!
* * * LOW HITPOINT WARNING * * *
The sling bullet burns you.
* * * LOW HITPOINT WARNING * * *
There is a stone staircase leading up, spattered with blood here.
Joseph shoots a sling bullet.
The sling bullet closely misses you.
You climb upwards.
There is a stone staircase leading down here.
HP restored.
Done exploring.
Done exploring.
You see here a +0 long sword.
There is a stone staircase leading down here.
You climb downwards.
Level annotation: Joseph Joseph shoots a sling bullet.
The sling bullet hits you!!
Ouch! That really hurt!
* * * LOW HITPOINT WARNING * * *
The sling bullet burns you.
* * * LOW HITPOINT WARNING * * *
There is a stone staircase leading up, spattered with blood here.
You can't go down here!
You climb upwards.
There is a stone staircase leading down here.
You start resting.
HP restored.
Unknown command.
There is a stone staircase leading down here.
You climb downwards.
Level annotation: Joseph
There is a stone staircase leading up here.
c - 2 scrolls labelled QUTHOZ ROAGECH (gained 1)
There is a stone staircase leading down here.
You now have 352 gold pieces (gained 5).
p - 4 murky dark potions (gained 2) Joseph is nearby!
Joseph smiles happily.
Joseph shoots a sling bullet.
The sling bullet hits you! The sling bullet burns you.
Really walk into that dispersal trap?
You enter a dispersal trap!
You blink.
Joseph shoots a sling bullet.
The sling bullet hits you!
* * * LOW HITPOINT WARNING * * *
The sling bullet burns you.
* * * LOW HITPOINT WARNING * * *
Really walk into that dispersal trap?
You enter a dispersal trap!
You blink.
Found a stone staircase leading down.
There is a stone staircase leading down here.
You start resting.
Joseph is nearby!
Joseph zaps a wand.
You resist with almost no effort.
You climb downwards.
You hear the roar of battle.
There is an entrance to a bailey on this level.
Hurry and find it before the portal closes forever!
The black bear growls angrily.
Found a sapphire potion and a whip.
Found a stone staircase leading down.
There is a stone staircase leading up here.
You are too injured to fight recklessly!
Casting: Hailstorm (dangerous; 4% risk of failure)
Confirm with . or Enter, or press ? or * to list all spells.
Casting: Hailstorm (dangerous; 4% risk of failure)
Press: ? - help, Dir - look around, f - activate A cannonade of hail descends around you!
The hail pelts the black bear!!
The black bear is severely wounded.
Casting: Hailstorm (dangerous; 4% risk of failure)
Confirm with . or Enter, or press ? or * to list all spells.
Casting: Hailstorm (dangerous; 4% risk of failure)
Press: ? - help, Dir - look around, f - activate A cannonade of hail descends around you!
The hail pelts the black bear!
You kill the black bear!
Sif Muna accepts your kill.
Your Spellcasting skill increases to level 4!
Your Summonings skill increases to level 4!
An ufetubus comes into view.
An ufetubus is nearby!
An ufetubus is nearby!
An ufetubus is nearby!
An ufetubus is nearby!
An ufetubus is nearby!
You are too injured to fight recklessly!
The ufetubus shouts!
An orc comes into view. It is wielding a +0 club.
The orc shouts!
You are too injured to fight recklessly!
You are too injured to fight recklessly!
You are too injured to fight recklessly!
You claw the ufetubus!
You kill the ufetubus!
Sif Muna accepts your kill.
You scratch the orc but do no damage. You bite the orc, but do no damage.
The orc barely misses you.
You scratch the orc.
The orc is almost dead.
The orc hits you with a +0 club.
You scratch the orc.
You kill the orc!
Sif Muna accepts your kill.
Things that are here:
a +0 club; a +0 ring mail; an orc corpse
There is a stone staircase leading up here.
You hear the faint creaking of a very distant portcullis.
Magic restored.
HP restored.
r - 5 sapphire potions (gained 1)
Found a stone staircase leading down.
Found a stone staircase leading up.
You hear the faint creaking of a very distant portcullis.
A white imp comes into view.
The white imp shouts, "Get thee gone, thou mammering nose-picking death-token!"
The white imp gestures at you. The puff of frost misses you.
You completely miss the white imp. Your bite misses the white imp.
The white imp closely misses you.
You scratch the white imp. You bite the white imp.
The white imp is heavily wounded.
The white imp grinds its teeth.
The white imp gestures at you. The puff of frost hits you.
You barely miss the white imp.
You claw the white imp, but do no damage.
You bite the white imp, but do no damage.
The white imp is heavily wounded.
The white imp misses you.
You closely miss the white imp.
The white imp is heavily wounded.
The white imp hits you. The white imp freezes you.
You scratch the white imp but do no damage.
The white imp is heavily wounded.
The white imp completely misses you.
You completely miss the white imp.
The white imp is heavily wounded.
The white imp misses you.
You scratch the white imp but do no damage.
The white imp is heavily wounded.
The white imp barely misses you.
You barely miss the white imp. Your claw misses the white imp.
The white imp is heavily wounded.
The white imp gestures at you. The puff of frost misses you.
You scratch the white imp.
The white imp is severely wounded.
You scratch the white imp.
You kill the white imp!
Sif Muna accepts your kill.
There is a stone staircase leading up here.
You start resting.
HP restored.
Okay, then.
Okay, then.
Okay, then.
You hear the faint creaking of a very distant portcullis.
You climb upwards.
Level annotation: Joseph The wight closely misses you.
Found 5 stones.
Found an escape hatch in the ceiling.
There is a stone staircase leading down here.
The wight hits you with a +4 mace! The wight completely misses you.
You climb downwards.
You hear the roar of battle.
There is an entrance to a bailey on this level.
Hurry and find it before the portal closes forever!
There is a stone staircase leading up here.
Unknown command.
Unknown command.
You barely miss the wight. You claw the wight, but do no damage.
The wight completely misses you.
You barely miss the wight. The wight barely misses you.
You barely miss the wight. You bite the wight, but do no damage.
The wight closely misses you.
You scratch the wight.
The wight is moderately damaged.
The wight closely misses you.
You closely miss the wight.
The wight is moderately damaged.
The wight hits you with a +4 mace!
* * * LOW HITPOINT WARNING * * *
Casting: Hailstorm (dangerous; 4% risk of failure)
Confirm with . or Enter, or press ? or * to list all spells.
You don't know that spell.
Casting: Hailstorm (dangerous; 4% risk of failure)
Confirm with . or Enter, or press ? or * to list all spells.
Casting: Hailstorm (dangerous; 4% risk of failure)
Press: ? - help, Dir - look around, f - activate A cannonade of hail descends around you!
The hail pelts the wight!
The wight partially resists.
The wight is severely damaged.
Casting: Hailstorm (dangerous; 4% risk of failure)
Confirm with . or Enter, or press ? or * to list all spells.
Casting: Hailstorm (dangerous; 4% risk of failure)
Press: ? - help, Dir - look around, f - activate A cannonade of hail descends around you!
The hail pelts the wight!
The wight partially resists.
You destroy the wight!
Sif Muna accepts your kill.
Unknown command.
Unknown command.
You hear the faint creaking of a very distant portcullis.
Magic restored.
HP restored.
Things that are here:
a +4 mace; a +0 robe A wolf comes into view.
A wolf is nearby!
The wolf howls!
You hear the creaking of a very distant portcullis.
Casting: Hailstorm (dangerous; 4% risk of failure)
Confirm with . or Enter, or press ? or * to list all spells.
Casting: Hailstorm (dangerous; 4% risk of failure)
Press: ? - help, Dir - look around, f - activate A cannonade of hail descends around you!
The hail misses the wolf.
You miss the wolf. The wolf closely misses you. The wolf completely misses you.
Casting: Hailstorm (dangerous; 4% risk of failure)
Confirm with . or Enter, or press ? or * to list all spells.
You can't see any susceptible monsters within range! (Use Z to cast anyway.) Unknown command.
You scratch the wolf.
The wolf is lightly wounded.
The wolf bites you!
You closely miss the wolf. Your bite misses the wolf.
The wolf is lightly wounded.
The wolf barely misses you. The wolf completely misses you.
You closely miss the wolf.
The wolf is lightly wounded.
The wolf misses you.
You closely miss the wolf.
The wolf is lightly wounded.
The wolf bites you! The wolf completely misses you.
You closely miss the wolf.
The wolf is lightly wounded.
The wolf misses you. The wolf bites you!
* * * LOW HITPOINT WARNING * * *
Aiming: Corrosive Bolt
Press: ? - help, Shift-Dir - straight line, f - wolf
Aim: a wolf (lightly wounded, 53% to hit)
The bolt of acid misses the wolf.
The wolf barely misses you.
Aiming: Corrosive Bolt
Press: ? - help, Shift-Dir - straight line, f/p - wolf
Aim: a wolf (lightly wounded, 53% to hit)
The bolt of acid misses the wolf.
The wolf completely misses you. The wolf misses you.
Aiming: Corrosive Bolt
Press: ? - help, Shift-Dir - straight line, f/p - wolf
Aim: a wolf (lightly wounded, 53% to hit)
The bolt of acid hits the wolf!
The acid corrodes the wolf!
The wolf is heavily wounded.
The wolf closely misses you. x2
Unknown command.
Aiming: Corrosive Bolt
Press: ? - help, Shift-Dir - straight line, f/p - wolf
Aim: a wolf (heavily wounded, covered in acid, 53% to hit)
The bolt of acid hits the wolf!
You kill the wolf!
Sif Muna accepts your kill.
Unknown command.
Unknown command.
You start resting.
Magic restored.
You start resting.
You hear the creaking of a very distant portcullis.
HP restored.
You hear the steady creaking of a very distant portcullis.
Found a bloodstained altar of Trog.
Flames erupt from the bowels of the wizard!
Trog roars with satisfaction!
The wizard is engulfed in blazing flames.
The wizard is engulfed in blazing flames.
There is a bloodstained altar of Trog here.
A wight comes into view. It is wielding a +5 flail.
A wight is nearby!
A wight is nearby!
A wight comes into view. It is wielding a +0 mace.
A wyvern comes into view.
The wyvern hisses angrily.
You hear the steady creaking of a very distant portcullis.
Casting: Hailstorm (dangerous; 4% risk of failure)
Confirm with . or Enter, or press ? or * to list all spells.
Casting: Hailstorm (dangerous; 4% risk of failure)
Press: ? - help, Dir - look around, f - activate A cannonade of hail descends around you!
The hail pelts the wyvern!!
The wyvern is severely wounded.
Casting: Hailstorm (dangerous; 4% risk of failure)
Confirm with . or Enter, or press ? or * to list all spells.
Casting: Hailstorm (dangerous; 4% risk of failure)
Press: ? - help, Dir - look around, f - activate A cannonade of hail descends around you!
The hail pelts the wyvern!
You kill the wyvern!
Sif Muna accepts your kill.
You see here a wyvern corpse.
Casting: Hailstorm (dangerous; 3% risk of failure)
Confirm with . or Enter, or press ? or * to list all spells.
Casting: Hailstorm (dangerous; 3% risk of failure)
Press: ? - help, Dir - look around, f - activate A cannonade of hail descends around you!
The hail pelts the wight.
The wight partially resists.
The wight is heavily damaged.
The hail pelts the wight!
The wight partially resists.
The wight is severely damaged.
Casting: Hailstorm (dangerous; 3% risk of failure)
Confirm with . or Enter, or press ? or * to list all spells.
Casting: Hailstorm (dangerous; 3% risk of failure)
Press: ? - help, Dir - look around, f - activate A cannonade of hail descends around you!
The hail pelts the wight!
The wight partially resists.
You destroy the wight!
Sif Muna accepts your kill.
The hail pelts the wight!
The wight partially resists.
You destroy the wight!
Sif Muna accepts your kill.
You hear the steady creaking of a very distant portcullis.
Magic restored.
Key pressed, stopping explore.
Things that are here:
a +0 mace; a +0 robe
Things that are here:
a +5 flail; a +0 robe
There is a stone staircase leading down here.
A wolf and a white imp come into view.
The white imp shouts!
There are monsters nearby!
There is a stone staircase leading down here.
The white imp lashes its tail.
The white imp gestures at you. The puff of frost misses you.
An ufetubus comes into view.
The ufetubus shouts!
You hear a shout!
An orc comes into view. It is wielding a +0 dagger.
An orc comes into view. It is wielding a +0 dagger.
You scratch the ufetubus.
The ufetubus is severely wounded.
The ufetubus closely misses you.
The ufetubus hits you but does no damage.
You barely miss the white imp.
You hear the quick creaking of a very distant portcullis.
The ufetubus misses you. The ufetubus barely misses you.
The white imp misses you.
You barely miss the white imp. The ufetubus barely misses you.
The ufetubus closely misses you. The white imp hits you.
The white imp freezes you. The ufetubus completely misses you.
The ufetubus hits you. The ufetubus attacks as you move away!
The ufetubus hits you. x2
The ufetubus misses you. The ufetubus closely misses you.
Casting: Hailstorm (dangerous; 3% risk of failure)
Confirm with . or Enter, or press ? or * to list all spells.
Casting: Hailstorm (dangerous; 3% risk of failure)
Press: ? - help, Dir - look around, f - activate A cannonade of hail descends around you!
The hail pelts the white imp.
The white imp partially resists.
The white imp is heavily wounded.
The hail pelts the ufetubus!
The ufetubus partially resists.
You kill the ufetubus!
Sif Muna accepts your kill.
The wolf howls!
Casting: Hailstorm (dangerous; 3% risk of failure)
Confirm with . or Enter, or press ? or * to list all spells.
Casting: Hailstorm (dangerous; 3% risk of failure)
Press: ? - help, Dir - look around, f - activate A cannonade of hail descends around you!
The hail misses the wolf.
The hail pelts the white imp!
The white imp partially resists.
You kill the white imp!
Sif Muna accepts your kill.
The hail pelts the orc!
You kill the orc!
Sif Muna accepts your kill.
Your Summonings skill increases to level 5!
You closely miss the wolf. The wolf bites you!
* * * LOW HITPOINT WARNING * * *
An orc priest comes into view. It is wielding a +0 short sword.
The wolf closely misses you. The wolf attacks as you move away!
The wolf closely misses you. The wolf completely misses you.
The wolf closely misses you. The wolf attacks as you move away!
The wolf bites you.
* * * LOW HITPOINT WARNING * * *
The wolf completely misses you. The wolf completely misses you.
The wolf attacks as you move away! The wolf bites you.
* * * LOW HITPOINT WARNING * * *
Okay, then.
The wolf attacks as you move away! The wolf completely misses you.
The wolf barely misses you.
You feel much better. The wolf barely misses you.
Casting: Hailstorm (dangerous; 3% risk of failure)
Confirm with . or Enter, or press ? or * to list all spells.
Aiming: Kiss of Death (safe; 1% risk of failure)
Press: ? - help, Shift-Dir - straight line, f - wolf
Aim: a wolf (100% to hit)
The negative energy hits the wolf!
The wolf is drained!
The wolf is heavily wounded.
You feel drained. The wolf barely misses you. The wolf closely misses you.
Casting: Kiss of Death (safe; 1% risk of failure)
Confirm with . or Enter, or press ? or * to list all spells.
Aiming: Kiss of Death (safe; 1% risk of failure)
Press: ? - help, Shift-Dir - straight line, f/p - wolf
Aim: a wolf (heavily wounded, lightly drained, 100% to hit)
The negative energy hits the wolf!
The wolf is drained!
You kill the wolf!
Sif Muna accepts your kill.
You feel drained.
The orc priest shouts!
You scratch the orc. Your claw misses the orc. Your bite misses the orc.
The orc is heavily wounded.
The orc completely misses you.
You scratch the orc.
You kill the orc!
Sif Muna accepts your kill.
The orc priest casts a cantrip, but nothing happens.
Items here: ) [ ††.
The orc priest hits you with a +0 short sword.
You claw the orc priest!
The orc priest is heavily wounded.
The orc priest misses you.
You scratch the orc priest.
The orc priest is severely wounded.
The orc priest calls down the wrath of Beogh upon you.
You resist with some effort.
You barely miss the orc priest.
The orc priest is severely wounded.
The orc priest completely misses you.
You scratch the orc priest.
You kill the orc priest!
Sif Muna accepts your kill.
Your Spellcasting skill increases to level 5!
You hear the quick creaking of a very distant portcullis.
There is a stone staircase leading down here.
You see here a +0 short sword.
Things that are here:
a +4 mace; a +0 robe An orc comes into view.
It is wielding a +1 vorpal falchion.
The orc moves out of view.
You hear the loud creaking of a very distant portcullis.
Found 2 stones.
A sky beast comes into view.
Found a stone staircase leading up.
Found 9 stones.
The sky beast flickers out of sight for a moment.
The sky beast closely misses you.
You scratch the sky beast.
The sky beast is lightly wounded.
The sky beast closely misses you.
You scratch the sky beast.
The sky beast is moderately wounded.
The sky beast hits you. The sky beast shocks you.
You closely miss the sky beast. You claw the sky beast!
Your bite misses the sky beast.
The sky beast is heavily wounded.
The sky beast misses you.
You barely miss the sky beast. You bite the sky beast.
The sky beast is severely wounded.
The sky beast hits you. The sky beast shocks you.
You are too injured to fight recklessly!
You are too injured to fight recklessly!
You are too injured to fight recklessly!
You claw the sky beast!
You kill the sky beast!
Sif Muna accepts your kill.
You see here a sky beast corpse.
You start resting.
You hear the loud creaking of a very distant portcullis.
You start resting.
An orc is nearby!
Okay, then.
The orc shouts!
An ice beast comes into view.
You hear the loud creaking of a very distant portcullis.
An ice beast comes into view.
An ice beast comes into view.
There is a stone staircase leading up here.
You completely miss the orc.
The orc hits you with a +1 vorpal falchion!
You completely miss the orc.
The orc hits you with a +1 vorpal falchion.
The orc hits you with a +1 vorpal falchion.
* * * LOW HITPOINT WARNING * * *
x2 You climb upwards.
Level annotation: Joseph
There is a stone staircase leading down here.
You scratch the orc. Your bite misses the orc.
The orc is heavily wounded.
You closely miss the orc. You bite the orc.
You kill the orc!
Sif Muna accepts your kill.
You start resting.
Joseph is nearby!
Things that are here:
a +1 vorpal falchion; a +0 leather armour; an orc corpse You start resting.
HP restored.
There is a stone staircase leading down here.
Joseph shouts!
Joseph shoots a sling bullet.
The sling bullet completely misses you.
Joseph shoots a sling bullet.
The sling bullet hits you! The sling bullet burns you.
* * * LOW HITPOINT WARNING * * *
Joseph shoots a sling bullet.
The sling bullet closely misses you.
You see here a +0 scale mail.
Joseph is nearby!
Joseph is nearby!
Joseph is nearby!
Joseph is nearby!
You see here 6 stones.
Things that are here:
a +0 robe; a +5 short sword of freezing
There is an escape hatch in the ceiling here.
HP restored.
Found a pair of gloves.
A wight is nearby!
A wight is nearby!
Casting: Kiss of Death (safe; 1% risk of failure)
Confirm with . or Enter, or press ? or * to list all spells.
Casting: Hailstorm (dangerous; 3% risk of failure)
Press: ? - help, Dir - look around, f - activate A cannonade of hail descends around you!
The hail pelts the wight.
The wight partially resists.
The wight is lightly damaged.
Casting: Hailstorm (dangerous; 3% risk of failure)
Confirm with . or Enter, or press ? or * to list all spells.
Casting: Hailstorm (dangerous; 3% risk of failure)
Press: ? - help, Dir - look around, f - activate A cannonade of hail descends around you!
The hail misses the wight.
The wight misses you.
Casting: Hailstorm (dangerous; 3% risk of failure)
Confirm with . or Enter, or press ? or * to list all spells.
Casting: Hailstorm (dangerous; 3% risk of failure)
Press: ? - help, Dir - look around, f - activate A cannonade of hail descends around you!
The hail pelts the wight!
The wight partially resists.
The wight is almost destroyed.
The wight hits you from afar with a +4 halberd!
You feel drained.
Casting: Hailstorm (dangerous; 3% risk of failure)
Confirm with . or Enter, or press ? or * to list all spells.
Casting: Hailstorm (dangerous; 3% risk of failure)
Press: ? - help, Dir - look around, f - activate A cannonade of hail descends around you!
The hail pelts the wight!
The wight partially resists.
You destroy the wight!
Sif Muna accepts your kill.
A wight is nearby!
A wight is nearby!
A wight is nearby!
Casting: Hailstorm (dangerous; 3% risk of failure)
Confirm with . or Enter, or press ? or * to list all spells.
Casting: Hailstorm (dangerous; 3% risk of failure)
Press: ? - help, Dir - look around, f - activate A cannonade of hail descends around you!
The hail misses the wight.
* * * LOW MAGIC WARNING * * *
Casting: Hailstorm (dangerous; 3% risk of failure)
Confirm with . or Enter, or press ? or * to list all spells.
Casting: Hailstorm (dangerous; 3% risk of failure)
Press: ? - help, Dir - look around, f - activate A cannonade of hail descends around you!
The hail pelts the wight.
The wight partially resists.
The wight is moderately damaged.
* * * LOW MAGIC WARNING * * *
The wight completely misses you.
There is an escape hatch in the ceiling here.
Casting: Hailstorm (dangerous; 3% risk of failure)
Confirm with . or Enter, or press ? or * to list all spells.
You can't see any susceptible monsters within range! (Use Z to cast anyway.) Unknown command.
Casting: Hailstorm (dangerous; 3% risk of failure)
Confirm with . or Enter, or press ? or * to list all spells.
Casting: Hailstorm (dangerous; 3% risk of failure)
Press: ? - help, Dir - look around, f - activate A cannonade of hail descends around you!
The hail misses the wight.
* * * LOW MAGIC WARNING * * *
The wight completely misses you. A mysterious force pulls you upwards.
The hatch slams shut behind you.
HP restored.
Magic restored.
Done exploring.
Done exploring.
(D) Dungeon
Where to? (Enter - D:7 @ (x,y), ? - help)
There is an open door, spattered with blood here.
There is an open door, spattered with blood here.
There is an open door here.
There is a stone staircase leading down here.
You climb downwards.
Level annotation: Joseph
There is a stone staircase leading up, spattered with blood here.
You see here a +0 giant club.
A wight is nearby!
Casting: Hailstorm (dangerous; 3% risk of failure)
Confirm with . or Enter, or press ? or * to list all spells.
Casting: Hailstorm (dangerous; 3% risk of failure)
Press: ? - help, Dir - look around, f - activate A cannonade of hail descends around you!
The hail pelts the wight.
The wight partially resists.
The wight is lightly damaged.
Casting: Hailstorm (dangerous; 3% risk of failure)
Confirm with . or Enter, or press ? or * to list all spells.
Casting: Hailstorm (dangerous; 3% risk of failure)
Press: ? - help, Dir - look around, f - activate A cannonade of hail descends around you!
The hail pelts the wight.
The wight partially resists.
The wight is heavily damaged.
The wight barely misses you.
Casting: Hailstorm (dangerous; 3% risk of failure)
Confirm with . or Enter, or press ? or * to list all spells.
Casting: Hailstorm (dangerous; 3% risk of failure)
Press: ? - help, Dir - look around, f - activate A cannonade of hail descends around you!
The hail pelts the wight.
The wight partially resists.
The wight is almost destroyed.
The hail pelts the wight!
The wight partially resists.
The wight is severely damaged.
Casting: Hailstorm (dangerous; 3% risk of failure)
Confirm with . or Enter, or press ? or * to list all spells.
Casting: Hailstorm (dangerous; 3% risk of failure)
Press: ? - help, Dir - look around, f - activate A cannonade of hail descends around you!
The hail pelts the wight!
The wight partially resists.
You destroy the wight!
Sif Muna accepts your kill.
The hail pelts the wight.
The wight partially resists.
You destroy the wight!
Sif Muna accepts your kill.
Unknown command.
HP restored.
Magic restored.
Things that are here:
a +3 spear; a +0 robe
Things that are here:
a +3 halberd; a +0 robe
There is a stone staircase leading down here.
Found a scale mail.
You see here a +0 scale mail.
Things that are here:
a +0 robe; a +4 halberd
Found a staircase to the Ecumenical Temple.
A centaur comes into view.
A centaur is nearby!
A centaur is nearby!
The centaur shouts!
The centaur wields a +0 shortbow.
The centaur shoots an arrow.
The arrow hits you!
The centaur unwields a +0 shortbow.
The centaur misses you. The centaur completely misses you.
You claw the centaur!
The centaur is moderately wounded.
The centaur completely misses you. x2
You barely miss the centaur.
The centaur is moderately wounded.
The centaur misses you.
The centaur kicks you but does no damage.
You claw the centaur! You bite the centaur, but do no damage.
The centaur is severely wounded.
The centaur misses you. x2; The centaur hits you.
The centaur kicks you.
You scratch the centaur.
The centaur is almost dead.
The centaur hits you but does no damage.
The centaur closely misses you.
You scratch the centaur.
You kill the centaur!
Sif Muna accepts your kill.
Your life force feels restored.
No target in view!
No target in view!
You now have 366 gold pieces (gained 14).
You see here a +0 pair of gloves.
Things that are here:
a +0 robe; a +4 halberd
Things that are here:
a +0 robe; a +4 halberd Key pressed, stopping explore.
Things that are here:
a +3 spear; a +0 robe
Things that are here:
a +3 halberd; a +0 robe
Things that are here:
a +0 robe; a +5 short sword of freezing You see here 6 stones.
Done exploring.
Done exploring.
(D) Dungeon (T) Temple
Where to? (Enter - D:7, ? - help)
A steam dragon is nearby!
Casting: Hailstorm (dangerous; 3% risk of failure)
Confirm with . or Enter, or press ? or * to list all spells.
You can't see any susceptible monsters within range! (Use Z to cast anyway.) Unknown command.
Casting: Hailstorm (dangerous; 3% risk of failure)
Confirm with . or Enter, or press ? or * to list all spells.
Casting: Hailstorm (dangerous; 3% risk of failure)
Press: ? - help, Dir - look around, f - activate A cannonade of hail descends around you!
The hail pelts the steam dragon!
The steam dragon is heavily wounded.
Casting: Hailstorm (dangerous; 3% risk of failure)
Confirm with . or Enter, or press ? or * to list all spells.
Casting: Hailstorm (dangerous; 3% risk of failure)
Press: ? - help, Dir - look around, f - activate A cannonade of hail descends around you!
The hail pelts the steam dragon!
The steam dragon is severely wounded.
Casting: Hailstorm (dangerous; 3% risk of failure)
Confirm with . or Enter, or press ? or * to list all spells.
You don't know that spell.
You barely miss the steam dragon.
You bite the steam dragon, but do no damage.
The steam dragon is severely wounded.
The steam dragon closely misses you. The steam dragon claws you.
You scratch the steam dragon.
The steam dragon is severely wounded.
The steam dragon breathes steam at you. The ball of steam hits you!!
Ouch! That really hurt!
* * * LOW HITPOINT WARNING * * *
You are engulfed in a cloud of scalding steam.
* * * LOW HITPOINT WARNING * * *
You see here 2 stones.
Casting: Hailstorm (dangerous; 3% risk of failure)
Confirm with . or Enter, or press ? or * to list all spells.
Casting: Hailstorm (dangerous; 3% risk of failure)
Press: ? - help, Dir - look around, f - activate A cannonade of hail descends around you!
The hail pelts the steam dragon.
The steam dragon is almost dead.
You barely miss the steam dragon.
The steam dragon is almost dead.
The steam dragon misses you. The steam dragon barely misses you.
You scratch the steam dragon.
The steam dragon is almost dead.
The steam dragon misses you. The steam dragon barely misses you.
You barely miss the steam dragon.
You bite the steam dragon, but do no damage.
The steam dragon is almost dead.
The steam dragon breathes steam at you. The ball of steam hits you!
You die...
You are now level 8!
You rejoin the land of the living...
Unknown command.
Unknown command.
Unknown command.
Unknown command.
Unknown command.
Unknown command.
Unknown command.
Unknown command.
Unknown command.
(D) Dungeon (T) Temple
Where to? (Enter - D:8, ? - help)
There is a stone staircase leading up, spattered with blood here.
There is a stone staircase leading down here.
You climb downwards.
You hear the roar of battle.
There is an entrance to a bailey on this level.
Hurry and find it before the portal closes forever!
The walls and floor vibrate strangely for a moment.
The ice beast hits you. The ice beast freezes you! The ice beast misses you.
The ice beast hits you. The ice beast freezes you!
* * * LOW HITPOINT WARNING * * *
There is a stone staircase leading up, spattered with blood here.
There are monsters nearby!
There are monsters nearby!
There are monsters nearby!
Found an escape hatch in the ceiling.
There is an escape hatch in the ceiling here.
A mysterious force pulls you upwards. The hatch slams shut behind you.
Level annotation: Joseph An orc comes into view.
It is wielding a +0 club.
An orc is nearby!
You are too injured to fight recklessly!
You are too injured to fight recklessly!
An orc is nearby!
An orc is nearby!
An orc is nearby!
There is a stone staircase leading up, spattered with blood here.
Casting: Hailstorm (dangerous; 3% risk of failure)
Confirm with . or Enter, or press ? or * to list all spells.
Casting: Hailstorm (dangerous; 3% risk of failure)
Press: ? - help, Dir - look around, f - activate A cannonade of hail descends around you!
The hail misses the orc.
Joseph shouts!
Joseph shoots a sling bullet.
The sling bullet hits you!!
Ouch! That really hurt!
You die...
You are now level 7!
You rejoin the land of the living...
Unknown command.
Unknown command.
Unknown command.
Unknown command.
Unknown command.
Unknown command.
Unknown command.
Unknown command.
Unknown command.
Unknown command.
Unknown command.
Unknown command.
Are you sure you want to abandon this character and quit the game? (Confirm with "yes".)

###.###.#####..##.#............#
...## #.# #..............####.##
#.## #.####...##.###.###.# ##..
#.#####...................# #.#
).....[.####.##.#..>###########.#
....###.####.###....[...........#
.............# ##.###############
....###.#########.# ...##
#.........@.# #.## #############
###


There were no monsters in sight!

Vanquished Creatures
  A wyvern (D:8)
  5 water moccasins
  2 ice beasts
  3 sky beasts
  4 black bears
  An ogre (D:7)
  2 wolves (D:8)
  3 centaurs
  2 phantoms
  2 bullfrogs
  2 necrophages
  5 scorpions
  7 wights
  A killer bee (D:6)
  2 howler monkeys
  3 orc priests
  2 hounds (D:6)
  5 orc wizards
  3 iguanas
  4 gnolls
  2 adders
  2 white imps (D:8)
  2 ufetubi (D:8)
  A worm (D:4)
  5 dart slugs
  32 orcs
  7 bats
  8 endoplasms
  4 giant cockroaches
  8 goblins
  7 hobgoblins
  5 jackals
  4 quokkas
  9 ball pythons
  A frilled lizard (D:1)
  7 kobolds
  A rat (D:3)
164 creatures vanquished.

Vanquished Creatures (others)
  A wizard (D:8)
  An orc (D:7)
  2 plants
4 creatures vanquished.

Grand Total: 168 creatures vanquished

Notes
Turn   | Place    | Note
-------+----------+-------------------------------------------
     0 | D:1      | sleeves the Felid Reaver began the quest for the Orb.
     0 | D:1      | Reached XP level 1. HP: 9/9 MP: 4/4
    66 | D:2      | HP: 4/9 [quokka (2)]
    99 | D:2      | Reached skill level 3 in Conjurations
   238 | D:1      | HP: 2/9 [frozen (4)]
   340 | D:1      | Reached XP level 2. HP: 13/13 MP: 6/6
   551 | D:1      | Reached XP level 3. HP: 16/16 MP: 7/7
   908 | D:2      | Reached skill level 4 in Conjurations
  1192 | D:2      | HP: 6/16 [worm (10)]
  1387 | D:3      | HP: 7/16 [ball python (3)]
  1389 | D:3      | HP: 3/16 [ball python (2)]
  1861 | D:3      | HP: 4/16 [howler monkey (8)]
  1866 | D:3      | Reached XP level 4. HP: 2/19 MP: 6/8
  1974 | D:3      | HP: 9/19 [orc/+0 war axe (5)]
  2056 | D:3      | Learned a level 3 spell: Hailstorm
  2071 | D:3      | Found a broken altar of Ashenzari.
  2240 | D:3      | Found a basalt altar of Yredelemnul.
  2393 | D:3      | You are sucked into a shaft and drop 3 floors!
  2396 | D:5      | Entered Level 5 of the Dungeon
  2406 | D:5      | HP: 8/19 [jackal (2)]
  2627 | D:3      | Reached skill level 5 in Conjurations
  2685 | D:4      | Found an opulent altar of Gozag.
  2720 | D:4      | Noticed a phantom
  3050 | D:4      | Noticed a scorpion
  3071 | D:4      | Killed a scorpion
  3072 | D:4      | Reached XP level 5. HP: 11/21 MP: 3/9
  3073 | D:4      | HP: 10/21 [poisoned by a scorpion]
  3301 | D:4      | Reached skill level 6 in Conjurations
  3570 | D:4      | Gained mutation: You are covered in thick fur. (AC +2)
                  | [Felid growth]
  3570 | D:4      | Reached XP level 6. HP: 26/26 MP: 3/10
  3895 | D:5      | HP: 11/26 [iguana (14)]
  4024 | D:5      | Noticed an ice beast
  4206 | D:5      | Reached skill level 7 in Conjurations
  4268 | D:5      | Noticed a water moccasin
  4291 | D:5      | HP: 7/21 [water moccasin (4)]
  4292 | D:5      | Killed a water moccasin
  4293 | D:5      | Reached XP level 7. HP: 7/29 MP: 6/11
  4506 | D:5      | Reached skill level 8 in Conjurations
  4613 | D:5      | Identified the +7 spear "Zabacvewn" {vamp, rF- Int+4}
  4686 | D:6      | HP: 10/25 [water moccasin (7)]
  4686 | D:6      | HP: 4/25 [water moccasin (6)]
  5001 | D:6      | HP: 14/30 [orc/+0 hand axe (4)]
  5223 | D:6      | Found an ancient bone altar of Kikubaaqudgha.
  5245 | D:6      | Found a stormy altar of Qazlal.
  5257 | D:6      | HP: 9/30 [orc priest/nerve-wracking pain (12)]
  5264 | D:6      | Reached skill level 9 in Conjurations
  5264 | D:6      | Reached XP level 8. HP: 11/33 MP: 12/12
  5336 | D:6      | HP: 13/27 [sky beast (5)]
  5408 | D:5      | HP: 15/31 [bullfrog (3)]
  5708 | D:6      | HP: 15/33 [orc wizard/magic dart (7)]
  5817 | D:6      | Reached skill level 10 in Conjurations
  5916 | D:6      | HP: 16/33 [bullfrog (7)]
  6158 | D:6      | Found a shimmering altar of Xom.
  6178 | D:6      | HP: 15/33 [orc/+0 club (4)]
  6549 | D:6      | Reached skill level 11 in Conjurations
  6711 | D:6      | HP: 9/29 [necrophage (7)]
  6731 | D:6      | Reached XP level 9. HP: 11/32 MP: 4/13
  6984 | D:7      | Reached skill level 1 in Summonings
  7059 | D:7      | Found a hazy altar of Hepliaklqana.
  7410 | D:6      | Reached skill level 2 in Summonings
  7576 | D:5      | Reached skill level 3 in Spellcasting
  7628 | D:5      | HP: 17/36 [centaur (4)]
  7632 | D:5      | Reached skill level 3 in Summonings
  8206 | D:5      | Found a shimmering blue altar of Sif Muna.
  8239 | D:5      | Became a worshipper of Sif Muna the Loreminder
  8390 | D:7      | HP: 14/36 [something/ball of steam (22)]
  8483 | D:7      | HP: 12/36 [steam dragon] (13)]
  8609 | D:7      | Noticed Joseph
  8614 | D:7      | HP: 13/36 [Joseph/sling bullet (6)]
  8795 | D:7      | HP: 17/36 [Joseph/sling bullet (4)]
  8866 | D:7      | HP: 12/36 [Joseph/sling bullet (10)]
  8979 | D:7      | HP: 18/36 [Joseph/sling bullet (18)]
  9177 | D:7      | HP: 14/36 [Joseph/sling bullet (9)]
  9211 | D:8      | Reached skill level 4 in Spellcasting
  9211 | D:8      | Reached skill level 4 in Summonings
  9374 | D:8      | HP: 16/36 [wight/+4 mace (14)]
  9482 | D:8      | HP: 11/36 [wolf (8)]
  9593 | D:8      | Found a bloodstained altar of Trog.
  9595 | D:8      | Noticed a wizard
  9600 | D:8      | Killed a wizard
  9756 | D:8      | Reached skill level 5 in Summonings
  9756 | D:8      | HP: 16/36 [wolf (8)]
  9764 | D:8      | HP: 10/36 [wolf (4)]
  9779 | D:8      | Reached skill level 5 in Spellcasting
  9954 | D:8      | HP: 16/33 [orc/+1 vorpal falchion (2)]
 10031 | D:7      | HP: 13/33 [Joseph/sling bullet (6)]
 10522 | D:7      | Found a staircase to the Ecumenical Temple.
 10764 | D:7      | HP: 12/36 [steam dragon/ball of steam (23)]
 10770 | D:7      | Killed from afar by a steam dragon
 10771 | D:7      | Reached XP level 8. HP: -7/33 MP: 10/17
 10799 | D:8      | HP: 8/33 [ice beast (13)]
 10841 | D:7      | Shot with a sling bullet by Joseph
 10842 | D:7      | Reached XP level 7. HP: -1/30 MP: 14/16
 10842 | D:7      | Quit the game

Illustrated notes

Levels and vault maps discovered:
D:1:      lemuel_arrival_broad_hall, layout_rooms, minmay_heptomino_w4
D:2:      layout_basic
D:3:      layout_loops_corners, mainiacjoe_overflow_chevrons,
          mainiacjoe_overflow_24_doors, minmay_misc_feat_ornament,
          serial_bayou_pond_d, grunt_ministairs_2, minmay_statues_item
D:4:      layout_basic, mainiacjoe_overflow_catwalk, minmay_bisected
D:5:      layout_basic, marbit_many_paths
D:6:      layout_gridville, lemuel_coloured_pillars_altar,
          mainiacjoe_overflow_large_starburst, minmay_joined_circles
D:7:      layout_loops_ring, mainiacjoe_overflow_alcove_2,
          minmay_temple_entry_gardened_gates, uniq_joseph
D:8:      layout_cave_pods, trog_wizard, nicolae_wu_jian_immortal_techniques,
          erik_lair_island, enter_bailey_4, serial_ice, serial_ice_e,
          serial_ice_a, serial_ice_i, serial_ice_m, serial_ice_c, serial_ice_n,
          serial_ice_d, serial_ice_g, nicolae_shop_self_help

Skill      XL: |  1  2  3  4  5  6  7  8  9 |
---------------+----------------------------+-----
Conjurations   | 3 4 5 6 7 9 11 | 11.2
Summonings     | 5 |  5.6
Spellcasting   | 5 |  5.4
Fighting       | |  2.0
Dodging        | |  2.6
Unarmed Combat | |  3.0

Action                   |  1- 3 |  4- 6 |  7- 9 || total
-------------------------+-------+-------+-------++-------
Melee: Unarmed           |   160 |   155 |   274 ||   589
       Bite              |    15 |    14 |    40 ||    69
       Punch             |     4 |     2 |    14 ||    20
 Cast: Kiss of Death     |     1 |     3 |     5 ||     9
       Hailstorm         |       |     9 |    57 ||    66
Evoke: Wand              |       |     1 |     9 ||    10
  Use: Potion            |       |       |     2 ||     2
 Stab: Distracted        |     1 |       |       ||     1
       Sleeping          |       |     1 |       ||     1
Armor: Skin              |    11 |     4 |     9 ||    24
Dodge: Dodged            |   157 |   108 |   280 ||   545

Table legend: (Time is in decaauts)
 A = Elapsed time spent in this place.
 B = Non-inter-level travel time spent in this place.
 C = Inter-level travel time spent in this place.
 D = Time resting spent in this place.
 E = Time spent auto-exploring this place.
 F = Levels seen in this place.
 G = Mean time per level.
                   A        B        C        D        E       F      G
               +--------+--------+--------+--------+--------+-----+--------+
         Total |   9574 |   9027 |    547 |   1070 |   5806 |   8 | 1196.8 |
       Dungeon |   9574 |   9027 |    547 |   1070 |   5806 |   8 | 1196.8 |
               +--------+--------+--------+--------+--------+-----+--------+

Top non-repeatable levels by time:
     D:6: 2532 daAuts
     D:5: 1696 daAuts
     D:7: 1305 daAuts
     D:4: 1167 daAuts
     D:3: 1050 daAuts
     D:8: 703 daAuts
     D:2: 645 daAuts
     D:1: 472 daAuts
